 Dungeon Crawl Stone Soup version 0.19.5 (webtiles) character file.

130 McKennaii the Gusty (level 4, -6/27 HPs)
             Began as a High Elf Air Elementalist on Apr 16, 2017.
             Shot with an arrow by a centaur (7 damage)
             ... on level 3 of the Dungeon.
             The game lasted 00:07:53 (2156 turns).

McKennaii the Gusty (High Elf Air Elementalist)     Turns: 2156, Time: 00:07:53

Health: -6/27      AC:  4    Str:  7    XL:     4   Next: 89%
Magic:  8/10       EV: 13    Int: 20    God:
Gold:   204        SH:  0    Dex: 15    Spells: 3 memorised, 5 levels left

rFire  . . .     SeeInvis .     (no weapon)
rCold  . . .     Gourm    .     a - +0 robe
rNeg   . . .     Faith    .     (no shield)
rPois  .         Spirit   .     t - +0 helmet
rElec  .         Reflect  .     (no cloak)
rCorr  .         Harm     .     j - +0 pair of gloves
MR     .....                    (no boots)
Stlth  ++........               (no amulet)
                                (no ring)
                                (no ring)

@: no status effects
A: no striking features
a: no special abilities


You were on level 3 of the Dungeon.
You were not hungry.

You visited 1 branch of the dungeon, and saw 3 of its levels.

You collected 204 gold pieces.

Inventory:

Armour
 a - a +0 robe (worn)
 j - a +0 pair of gloves (worn)
 t - a +0 helmet (worn)
Wands
 r - a wand of digging (6/24)
Scrolls
 e - a scroll of identify
 f - a scroll of magic mapping {unknown}
 i - 2 scrolls of amnesia
 l - a scroll of immolation {unknown}
 n - a scroll of teleportation {unknown}
 o - a scroll of noise {unknown}
 q - a scroll of fog {unknown}
 w - a scroll of enchant armour {unknown}
Potions
 g - a potion of heal wounds {unknown}
 h - a potion of lignification {unknown}
 p - a potion of cure mutation {unknown}
 u - a potion of might {unknown}
 v - a potion of flight {unknown}
Books
 b - a book of Air

   Spells                             Type                      Level
   a - Shock                          Conjuration/Air              1
   b - Swiftness                      Charms/Air                   2
   c - Repel Missiles                 Charms/Air                   2
   d - Static Discharge               Conjuration/Air              3
   e - Lightning Bolt                 Conjuration/Air              5
Comestibles
 c - 2 bread rations
 d - 2 meat rations
 k - a slice of pizza
 m - a fruit
 s - a beef jerky


   Skills:
 + Level 0.2 Fighting
 + Level 2.5 Dodging
 + Level 2.3 Stealth
 + Level 3.9 Spellcasting
 + Level 2.0 Conjurations
 + Level 5.0 Air Magic


You had 5 spell levels left.
You knew the following spells:

 Your Spells              Type           Power        Failure   Level  Hunger
a - Shock                 Conj/Air       ###.         2%          1    None
b - Swiftness             Chrm/Air       ##......     10%         2    ##.....
c - Repel Missiles        Chrm/Air       ##....       10%         2    ##.....


Dungeon Overview and Level Annotations

Branches:
Dungeon (3/15)

Altars:
Dithmenos
Elyvilon
Gozag
Kikubaaqudgha
Okawaru
Qazlal
Yredelemnul
The Shining One


Message History

The centaur is moderately wounded.
The centaur shoots an arrow.
The arrow hits you.
The centaur shoots an arrow.
The arrow hits you!
* * * LOW HITPOINT WARNING * * *
The centaur shoots an arrow.
The arrow hits you.
* * * LOW HITPOINT WARNING * * *
You see here an arrow.
The centaur shoots an arrow.
The arrow hits you.
* * * LOW HITPOINT WARNING * * *
You see here an arrow.
Okay, then.
Quiver which item? (- for none, * to show all) (? for menu, Esc to quit)
Okay, then.
Okay, then.
You aren't wearing any rings or amulets.
As you read the scroll labeled YNITOA OTHO, it crumbles to dust.
It is a scroll of identify.
i - 2 scrolls of amnesia The centaur shoots an arrow.
The arrow hits you!
You die...

#.#
..####.......#
#.#
.............#
#.# #c# #.# #.#
#.# #.# #.# #(#
#.# #.# #.# #(#
#.# #@# #.# #.#
#.# #.# #.# #.#
#.# #.# #.# #.#
#.# #.# #.# #.#
#.############.#


You could see a centaur.

Vanquished Creatures
  An iguana (D:3)
  4 adders
  An ooze (D:3)
  A worm (D:2)
  An orc (D:3)
  3 ball pythons
  6 giant cockroaches
  4 goblins
  6 hobgoblins
  11 kobolds
  3 quokkas
  5 bats
  5 frilled lizards
  8 rats
  A spectral orc (D:2)
60 creatures vanquished.

Notes
Turn   | Place    | Note
-------+----------+-------------------------------------------
     0 | D:1      | McKennaii the High Elf Air Elementalist began the quest for the Orb.
     0 | D:1      | Reached XP level 1. HP: 11/11 MP: 4/4
    97 | D:1      | Reached skill level 4 in Air Magic
   173 | D:1      | Reached XP level 2. HP: 17/17 MP: 3/6
   229 | D:1      | Learned a level 2 spell: Swiftness
   232 | D:1      | Learned a level 2 spell: Repel Missiles
   583 | D:1      | Reached XP level 3. HP: 21/21 MP: 6/8
   881 | D:2      | Found an opulent altar of Gozag.
   889 | D:2      | Found a white marble altar of Elyvilon.
   922 | D:2      | Found an iron altar of Okawaru.
   963 | D:2      | Found a stormy altar of Qazlal.
  1175 | D:2      | Found a basalt altar of Yredelemnul.
  1408 | D:2      | Found an ancient bone altar of Kikubaaqudgha.
  1468 | D:2      | Reached XP level 4. HP: 25/27 MP: 3/9
  1822 | D:3      | Found a glowing golden altar of the Shining One.
  1869 | D:3      | Found a shadowy altar of Dithmenos.
  1975 | D:3      | Reached skill level 5 in Air Magic
  2075 | D:3      | Noticed a centaur
  2154 | D:3      | HP: 1/27 [centaur/arrow (3)]
  2156 | D:3      | Shot with an arrow by a centaur

Skill      XL: |  1  2  3  4 |
---------------+-------------+-----
Air Magic      | 4 5 |  5.0
Spellcasting   | 3 |  3.9
Conjurations   | 2 |  2.0
Fighting       | |  0.2
Dodging        | |  2.5
Stealth        | |  2.3

Action                   |  1- 3 |  4- 6 || total
-------------------------+-------+-------++-------
Melee: Unarmed           |    24 |       ||    24
 Cast: Shock             |    85 |    41 ||   126
       Repel Missiles    |       |     1 ||     1
  Use: Scroll            |       |     1 ||     1
  Eat: Meat ration       |     1 |       ||     1
Armor: Robe              |     8 |     1 ||     9
Dodge: Dodged            |    39 |     7 ||    46
       Deflected         |       |     1 ||     1
